Map: Frozen Temple

Players

Miszu

  • Race: Terran Terran
  • League: Master

llllllllllll - Winner!

  • Race: Zerg Zerg
  • League: Grandmaster

VOD

Have the link to the VOD?

Description

Time

  • Played on: May 2, 2016, 9:41 a.m.
  • Length: 14:12
Show
View Real Time Build Order
Export as new Build Order

Miszu Terran 

Build Orders: Liberator Opening, Reaper Expand, MMM Bio 

Get SALT Encoding   

  12  0:01  SCV  
  13  0:13  SCV  
  14  0:17  Supply Depot  
  14  0:25  SCV  
  15  0:38  Refinery  
  15  0:39  SCV  
  16  0:45  Barracks  
  16  0:51  SCV  
  17  1:03  SCV  
  18  1:15  SCV  
  19  1:32  Orbital Command  
  19  1:33  Reaper  
  20  1:44  Command Center  
  20  1:54  Supply Depot  
  20  1:58  SCV  
  21  2:05  Marine  
  22  2:10  SCV  
  23  2:18  Factory  
  23  2:19  Refinery  
  23  2:22  SCV  
  24  2:23  Barracks Reactor  
  24  2:34  SCV  
  25  2:46  SCV  
  26  2:56  Orbital Command  
  26  2:58  SCV  
  26  3:01  Marine x2  
  26  3:02  Bunker, Starport  
  26  3:04  Factory Tech Lab  
  29  3:11  SCV  
  30  3:18  Marine  
  30  3:19  Marine  
  32  3:23  SCV  
  32  3:24  Siege Tank  
  32  3:25  SCV  
  37  3:29  Liberator  
  37  3:35  SCV  
  37  3:40  SCV  
  39  3:44  Supply Depot  
  39  3:47  SCV  
  42  3:52  SCV  
  43  3:59  SCV  
  44  4:05  SCV  
  44  4:06  Command Center  
  45  4:13  SCV  
  46  4:17  Refinery  
  46  4:19  Liberator  
  46  4:20  Refinery, Barracks  
  46  4:24  Barracks  
  46  4:25  SCV  
  46  4:26  SCV  
  48  4:34  Siege Tank  
  54  4:43  Supply Depot  
  54  4:52  Engineering Bay  
  54  4:54  Engineering Bay  
  54  4:58  Supply Depot  
  54  5:05  SCV x2  
  56  5:08  Supply Depot  
  56  5:17  Barracks Tech Lab x2, SCV x2, Orbital Command  
  56  5:20  Starport Reactor  
  58  5:24  Terran Infantry Weapons Level 1  
  58  5:28  Terran Infantry Armor Level 1  
  58  5:29  SCV x2  
  60  5:38  Supply Depot  
  60  5:40  Marine x2  
  60  5:41  SCV x2, Stimpack, Orbital Command  
  61  5:46  Marine x2  
  63  5:53  SCV x2  
  65  5:57  Marine, Barracks x2  
  66  6:05  Marine, SCV x2  
  66  6:06  Marine, Medivac x2  
  66  6:07  SCV  
  75  6:17  SCV x2  
  74  6:19  SCV  
  74  6:21  Marine x2  
  74  6:23  Marine  
  78  6:26  Marine, Armory  
  78  6:30  SCV x2  
  78  6:32  Supply Depot, SCV  
  82  6:33  Bunker  
  82  6:39  Marine x2  
  84  6:41  Marine  
  84  6:42  SCV x2  
  84  6:44  Marine  
  89  7:00  Barracks Reactor x2  
  88  7:02  Barracks  
  88  7:03  Barracks, SCV x3  
  88  7:04  Barracks  
  88  7:07  Supply Depot  
  91  7:09  Supply Depot  
  91  7:11  Supply Depot, Refinery  
  91  7:13  Medivac x2  
  91  7:15  SCV x3  
  97  7:19  Marauder  
  97  7:20  Marine, Marauder  
  97  7:21  Marine  
  104  7:27  SCV x3  
  107  7:38  Marine x2  
  107  7:39  Marine x2, Factory Reactor  
  107  7:40  Marine x3  
  107  7:41  Marine  
  115  7:54  Barracks Tech Lab x2  
  115  7:55  Barracks Tech Lab  
  115  7:56  Marine x2  
  115  7:58  Medivac x2, Marauder  
  123  8:00  Marauder  
  123  8:03  Supply Depot  
  123  8:04  Marine x4  
  129  8:08  Supply Depot x2  
  129  8:12  Liberator x2  
  129  8:13  Marine, Marauder  
  129  8:14  Terran Infantry Armor Level 2, Marine, Terran Infantry Weapons Level 2  
  129  8:16  Missile Turret  
  129  8:19  Concussive Shells  
  133  8:24  Widow Mine x2  
  133  8:25  Marauder x2  
  141  8:29  Marine x4  
  151  8:36  Marine  
  152  8:43  Marine  
  152  8:44  Marine x3  
  152  8:46  Marine x2  
  157  8:51  Marine  
  157  8:58  Liberator  
  157  9:00  Liberator  
  157  9:07  Command Center, Combat Shields  
  157  9:13  Marine x2, Widow Mine x2  
  157  9:14  Marine x2, Marauder  
  108  9:24  Marine  
  108  9:25  Marine x4, Marauder  
  108  9:29  SCV  
  108  9:30  SCV x2  
  108  9:31  Marine x4  
  113  9:37  Marine  
  117  9:40  Liberator  
  117  9:41  Supply Depot, SCV  
  117  9:42  Marine, Hellion, SCV x2  
  117  9:43  Hellion  
  125  9:52  Marauder x2  
  129  9:54  SCV x3  
  129  9:57  Marine  
  129  9:59  Marine  
  137  10:01  Marine  
  137  10:04  Marine x3  
  137  10:05  Marine  
  137  10:06  SCV x3  
  145  10:08  Marauder  
  147  10:18  SCV  
  147  10:21  Marine x5, Marauder  
  151  10:22  Marine x4  
  159  10:29  Marine  
  152  10:38  Marine  
  152  10:39  Marine  
  152  10:43  Marine x7, Marauder  
  152  10:46  SCV x2  
  152  10:47  Marine  
  164  10:56  Marine  
  164  10:57  Marine, Planetary Fortress  
  160  11:00  Marine  
  160  11:01  Marine x3  
  165  11:04  Marine  
  165  11:05  Marauder  
  166  11:16  Terran Infantry Weapons Level 3  
  166  11:23  Marine  
  166  11:24  Marine, Marauder x2  
  172  11:30  Marine  
  165  11:39  Marine, Marauder  
  166  11:40  Marine x2  
  166  11:41  Medivac, Marauder  
  172  11:49  Marine, Medivac  
  172  11:50  Marauder  
  172  11:51  Marauder  
  172  11:52  Marine x2  
  151  12:03  Marauder  
  151  12:04  Marine  
  151  12:07  SCV  
  92  12:29  Marine  
  74  12:42  Medivac x2  
  57  13:08  Marine  
  57  13:09  Marine x5, Marauder  
  57  13:10  Hellion  
  57  13:12  Medivac  
  69  13:13  Marine x3, Marauder  
  69  13:19  SCV  
  75  13:26  Medivac  
  76  13:30  Marauder  
  78  13:35  SCV x3  
  78  13:37  SCV  
  82  13:47  SCV x3  
Show
View Real Time Build Order
Export as new Build Order

llllllllllll Zerg - Winner!

Build Orders: Hatch First 

Get SALT Encoding   

  12  0:00  Drone  
  13  0:13  Overlord  
  13  0:19  Drone  
  14  0:31  Drone x2  
  14  0:35  Drone  
  17  0:53  Hatchery  
  16  0:57  Drone  
  16  0:59  Drone  
  18  1:07  Extractor  
  17  1:13  Spawning Pool  
  17  1:17  Drone  
  17  1:22  Drone  
  18  1:29  Drone  
  19  1:43  Overlord  
  19  2:00  Zergling x2  
  19  2:01  Zergling x2, Queen  
  21  2:04  Queen  
  21  2:05  Drone  
  26  2:10  Metabolic Boost  
  26  2:11  Drone  
  27  2:20  Drone  
  27  2:22  Drone  
  29  2:32  Drone  
  29  2:34  Spore Crawler  
  29  2:36  Drone  
  29  2:37  Queen  
  32  2:45  Overlord  
  32  2:50  Drone x2  
  35  2:55  Drone  
  36  3:05  Drone x2  
  38  3:14  Drone x4  
  38  3:16  Overlord  
  38  3:19  Drone x2  
  44  3:21  Overlord  
  44  3:33  Extractor  
  43  3:38  Drone  
  43  3:39  Drone x2, Hatchery  
  45  3:44  Drone x2  
  45  3:48  Evolution Chamber  
  46  3:49  Queen  
  46  3:51  Evolution Chamber  
  46  3:52  Drone x2  
  49  3:57  Drone x2  
  49  3:58  Drone  
  49  3:59  Drone  
  53  4:06  Drone x2  
  53  4:08  Drone  
  56  4:15  Zerg Ground Armor Level 1  
  56  4:17  Zerg Melee Weapons Level 1  
  56  4:21  Drone x4  
  56  4:24  Overlord  
  60  4:25  Extractor  
  60  4:29  Overlord  
  59  4:38  Overlord  
  59  4:39  Drone  
  59  4:42  Queen, Lair  
  59  4:43  Drone  
  59  4:44  Drone x2  
  65  4:51  Baneling Nest  
  64  4:56  Drone x5  
  64  4:57  Drone  
  70  5:03  Overlord  
  70  5:05  Zergling x6  
  73  5:17  Zergling x6  
  71  5:39  Drone x3  
  71  5:40  Drone  
  71  5:41  Queen, Drone x4  
  71  5:42  Extractor  
  78  5:43  Extractor  
  78  5:48  Drone x3  
  80  5:51  Queen  
  80  5:54  Overlord  
  80  5:56  Baneling x4  
  82  5:58  Centrifical Hooks  
  82  6:01  Spire  
  82  6:02  Overlord  
  81  6:05  Drone  
  81  6:06  Overlord x2  
  79  6:15  Drone x3  
  79  6:16  Drone  
  80  6:30  Drone x2  
  80  6:31  Drone  
  80  6:32  Drone x2  
  85  6:33  Extractor, Drone  
  85  6:35  Hatchery  
  85  6:36  Zerg Ground Armor Level 2  
  85  6:37  Zerg Melee Weapons Level 2  
  85  6:40  Zergling x4  
  85  6:42  Baneling x3, Hatchery  
  85  6:47  Drone  
  85  6:48  Zergling x2  
  85  6:49  Zergling x10  
  92  6:59  Zergling x8  
  96  7:04  Zergling x2  
  97  7:12  Drone  
  97  7:13  Corruptor x2  
  97  7:14  Corruptor x2  
  97  7:15  Spore Crawler  
  105  7:16  Overlord  
  105  7:20  Corruptor  
  107  7:24  Zergling x6  
  110  7:36  Overlord  
  110  7:54  Zergling x2  
  110  7:55  Zergling x18  
  120  8:02  Baneling  
  120  8:03  Baneling x5  
  120  8:04  Zergling x2  
  121  8:12  Infestation Pit, Corruptor x2  
  124  8:13  Corruptor  
  124  8:14  Overlord  
  124  8:17  Zergling x8  
  124  8:19  Baneling x3  
  130  8:20  Overseer  
  130  8:21  Queen, Drone x3  
  130  8:26  Drone  
  136  8:31  Zerg Flyer Weapons Level 1  
  134  8:39  Zergling x22  
  134  8:41  Baneling x6  
  138  8:54  Baneling x4  
  138  8:55  Baneling x4  
  136  8:56  Zergling x16  
  136  9:00  Baneling  
  136  9:01  Hive  
  144  9:09  Overlord x3  
  136  9:19  Zergling x2  
  136  9:20  Zergling x26  
  136  9:22  Zergling x2  
  132  9:25  Zergling x2  
  132  9:29  Drone x2  
  133  9:36  Zergling x8  
  133  9:37  Zergling x20  
  147  9:45  Zergling x8  
  150  9:46  Zergling x2  
  150  9:50  Baneling x4, Hatchery  
  150  9:51  Baneling x2  
  151  9:54  Zergling x4  
  151  9:55  Zergling x2  
  151  9:56  Baneling x11  
  151  9:57  Baneling  
  154  10:02  Zergling x2  
  154  10:03  Zergling x12  
  161  10:09  Zergling x8  
  161  10:11  Baneling x4  
  165  10:27  Baneling  
  165  10:28  Baneling x10  
  155  10:43  Zergling x20  
  155  10:45  Baneling x3  
  155  10:46  Overlord x2, Baneling x2  
  155  10:47  Adrenal Glands  
  163  10:50  Zerg Melee Weapons Level 3, Ultralisk Cavern, Zerg Ground Armor Level 3  
  158  10:59  Zergling x2  
  158  11:00  Zergling x14  
  158  11:01  Overlord  
  158  11:04  Baneling x3  
  166  11:11  Zergling x2  
  166  11:12  Zergling x20  
  166  11:14  Baneling  
  166  11:15  Baneling x6  
  166  11:16  Baneling  
  166  11:17  Baneling x2  
  177  11:22  Drone x2  
  179  11:27  Zergling x2  
  179  11:28  Zergling x14  
  177  11:33  Zergling x2  
  177  11:34  Zergling x10  
  177  11:36  Baneling x2  
  176  12:00  Ultralisk x2  
  176  12:01  Ultralisk  
  190  12:02  Chitinous Plating  
  190  12:03  Overlord x2  
  184  12:21  Zergling x14, Ultralisk x2  
  184  12:22  Zergling x2  
  153  12:23  Zergling x2  
  153  12:24  Zergling x2  
  129  12:30  Zergling x4  
  129  12:31  Zergling x8  
  129  12:36  Zergling x10  
  140  12:38  Zergling x2  
  140  12:41  Baneling  
  140  12:42  Baneling x3  
  140  12:43  Zergling x4  
  143  12:44  Zergling x2  
  136  12:52  Zergling x4  
  136  12:53  Zergling x8  
  139  12:58  Zergling x2  
  139  12:59  Zergling x8  
  139  13:04  Zergling x10  
  135  13:14  Ultralisk  
  135  13:15  Zergling x6  
  142  13:25  Drone  
  143  13:27  Zergling x16  
  143  13:31  Zergling x4  
  143  13:32  Zergling x4  
  143  13:33  Baneling x3  
  155  13:34  Baneling x2  
  146  13:55  Zergling x2  
Tags
 
Add a new tag
Caveats
  • Supply blocks, unpowered buildings, or Contaminate may cause inaccurate times.
  • Supply counts are checked every 10 seconds.